 Dungeon Crawl Stone Soup version 0.27.1-33-g824d729ab1 (webtiles) character file.

Game seed: 12105330649497886172

530 potato4science the Sneak (level 7, -5/46 HPs)
             Began as an Octopode Hedge Wizard on Dec 15, 2021.
             Slain by a gnoll shaman (11 damage)
             ... on level 5 of the Dungeon.
             The game lasted 00:42:57 (8626 turns).

potato4science the Sneak (Octopode Hedge Wizard)    Turns: 8626, Time: 00:42:58

Health: -5/46      AC:  2    Str:  8 (10) XL:     7   Next: 24%
Magic:  11/11      EV: 13    Int: 24      God:
Gold:   276        SH:  0    Dex: 10 (11) Spells: 11/12 levels left

rFire    . . .     SeeInvis .   a - +0 dagger
rCold    . . .     Faith    .   (no shield)
rNeg     . . .     Spirit   .   b - +1 hat
rPois    .         Reflect  .   j - amulet of the acrobat
rElec    .         Harm     .   g - +6 ring of intelligence
rCorr    .         Rampage  .   (no ring)
Will     .....                  (no ring)
Stlth    ++........             (no ring)
HPRegen  0.15/turn              (no ring)
MPRegen  0.12/turn              (no ring)
                                (no ring)
                                (no ring)

@: lit by a corona, glowing
A: almost no armour, amphibious, 8 rings, camouflage 1, gelatinous body 1,
(nimble swimmer 1), tentacles
a: no special abilities


You were on level 5 of the Dungeon.
You visited 1 branch of the dungeon, and saw 5 of its levels.
You also visited: Sewer.

You collected 302 gold pieces.
You spent 26 gold pieces at shops.

Inventory:

Hand Weapons
 a - a +0 dagger (weapon)
Armour
 b - a +1 hat (worn)
Jewellery
 g - a +6 ring of intelligence (left tentacle)
 j - an amulet of the acrobat (around mantle)
Wands
 i - a wand of flame (3)
Scrolls
 d - a scroll of enchant armour
 f - a scroll of fog {unknown}
 k - 2 scrolls of identify
 l - a scroll of teleportation {unknown}
 m - a scroll of amnesia {unknown}
Potions
 c - 2 potions of cancellation
 e - a potion of haste
 h - a potion of might


   Skills:
 + Level 3.3 Fighting
 * Level 4.7 Short Blades
 + Level 3.0 Dodging
 + Level 5.6 Stealth
 - Level 3.0 Spellcasting
 - Level 1.0 Conjurations
 - Level 1.0 Summonings
 - Level 1.0 Translocations


You had 11 spell levels left.
You knew the following spells:

 Your Spells              Type           Power      Damage    Failure   Level
a - Magic Dart            Conj           32%        1d4       7%          1

Your spell library contained the following spells:

 Spells                   Type           Power      Damage    Failure   Level
 Blink                    Tloc           N/A        N/A       11%         2
 Call Imp                 Summ           8%         N/A       11%         2
 Slow                     Hex            3%         N/A       16%         2
 Conjure Flame            Conj/Fire      6%         6-21      26%         3
 Mephitic Cloud           Conj/Pois/Air  5%         N/A       28%         3


Dungeon Overview and Level Annotations

Branches:
Dungeon (5/15)              Sewer (visited)
 Temple: D:4-7

Altars:
Fedhas
Sif Muna
Uskayaw

Shops:
D:2 [(?[[


Innate Abilities, Weirdness & Mutations

You cannot wear most types of armour.
You are amphibious.
You can wear up to eight rings at the same time.
Your skin changes colour to match your surroundings (Stealth+).
Your rubbery body absorbs attacks. (AC +1, EV +1)
((You are camouflaged near water. (Stealth+)))
You have tentacles for arms and can constrict up to eight enemies at once.


Message History

You grab the gnoll shaman. You constrict the gnoll shaman.
The gnoll shaman hits you with a +0 club.
You hit the gnoll shaman but do no damage.
The gnoll shaman is lightly wounded.
You constrict the gnoll shaman.
The gnoll shaman hits you with a +0 club!
You hit the gnoll shaman.
The gnoll shaman is moderately wounded.
You constrict the gnoll shaman, but do no damage.
You hit the gnoll shaman but do no damage.
The gnoll shaman is moderately wounded.
You constrict the gnoll shaman.
The gnoll shaman mumbles some strange prayers to its god against you.
You are outlined in light.
You hit the gnoll shaman but do no damage.
The gnoll shaman is moderately wounded.
You constrict the gnoll shaman.
The gnoll shaman hits you with a +0 club!
You hit the gnoll shaman but do no damage.
The gnoll shaman is moderately wounded.
You constrict the gnoll shaman.
The gnoll shaman hits you with a +0 club!
* * * LOW HITPOINT WARNING * * *
You hit the gnoll shaman but do no damage.
You squeeze the gnoll shaman, but do no damage.
The gnoll shaman is heavily wounded.
You constrict the gnoll shaman. You hit the gnoll shaman.
The gnoll shaman is severely wounded.
You constrict the gnoll shaman.
The gnoll shaman hits you with a +0 club!
* * * LOW HITPOINT WARNING * * *
Okay, then.
Aiming: Throw Flame
Press: ? - help, Shift-Dir - straight line, f - gnoll shaman
Aim: a gnoll shaman, wielding a +0 club, wearing a +0 leather armour and wearing a +0 buckler (severely wounded, constricted by you, 100% to hit)
The gnoll shaman blocks the puff of flame.
You constrict the gnoll shaman.
The gnoll shaman hits you with a +0 club!
You die...

#.#.......OZ<.#*,**,*
**,******
#...####.####.##.#*.#
*,,,,,.# .....# #.# #.##.##.#
*****#.# #.##.# #.#
##.#.....# #.#
#.##O###.###........## #$#
###≈≈....##........!.# #>#
≈≈#≈≈≈..............#* #.#
###≈#............g..# #####.#
≈≈#≈≈≈...#......@#,** #......
#≈#≈#≈...##.....##,* #.###..
≈≈#≈≈≈≈..###.).##*,*#######.#
#.. #≈#≈#≈...# ##.##
*,,.$$....<# #.. #≈#≈#≈...#
#.# ***######### #..
#≈≈≈#....# #.# #..
#####....####.### #.. .#
###..#......# #.. .#
###.#.##.#.###############..


You could see a gnoll shaman.

Vanquished Creatures
  2 bullfrogs (Sewer)
  A scorpion (D:5)
  A howler monkey (D:2)
  2 orc priests
  An iguana (D:5)
  An orc wizard (D:3)
  2 river rats
  7 adders
  An adder skeleton (D:4)
  4 worms
  5 orcs
  4 bats
  4 endoplasms
  9 giant cockroaches
  3 goblins
  7 hobgoblins
  11 jackals
  5 quokkas
  9 ball pythons
  7 frilled lizards
  9 kobolds
  6 rats
101 creatures vanquished.

Notes
Turn   | Place    | Note
-------+----------+-------------------------------------------
     0 | D:1      | potato4science the Octopode Hedge Wizard began the quest
                  | for the Orb.
     0 | D:1      | Reached XP level 1. HP: 11/11 MP: 4/4
   360 | D:1      | Reached skill level 1 in Short Blades
   360 | D:1      | Reached skill level 3 in Stealth
   360 | D:1      | Reached XP level 2. HP: 14/18 MP: 6/6
  1272 | D:2      | Found a faded altar of an unknown god.
  1407 | D:2      | Reached skill level 1 in Fighting
  1407 | D:2      | Reached XP level 3. HP: 17/23 MP: 7/7
  1702 | D:2      | Found Silium's Antique Armour Emporium.
  2341 | D:2      | Found Wooxuahe's Weapon Shop.
  2742 | D:2      | Found Doganoeq's Armour Boutique.
  2889 | D:2      | Found Roress's Antique Armour Shoppe.
  3198 | D:2      | Found Methosk's Magic Scroll Shop.
  3222 | D:2      | Bought a scroll of identify for 26 gold pieces
  3390 | D:3      | Found a blossoming altar of Fedhas.
  3441 | D:3      | Noticed a black bear
  3738 | D:3      | Found a shimmering blue altar of Sif Muna.
  3898 | D:2      | Reached XP level 4. HP: 8/28 MP: 8/8
  4187 | D:2      | Reached skill level 4 in Stealth
  4255 | D:3      | Reached XP level 5. HP: 17/34 MP: 9/9
  4483 | D:3      | Found a hide-covered altar of Uskayaw.
  6385 | D:5      | Entered Level 5 of the Dungeon
  6586 | D:5      | Noticed an ogre
  6594 | D:4      | Reached XP level 6. HP: 23/41 MP: 10/10
  6734 | D:5      | Noticed a water moccasin
  6950 | D:5      | Found a glowing drain.
  6959 | Sewer    | Entered a sewer
  7246 | Sewer    | Reached skill level 5 in Stealth
  7246 | Sewer    | HP: 1/41 [bullfrog (7)]
  7973 | D:5      | Reached XP level 7. HP: 38/46 MP: 3/11
  8626 | D:5      | Slain by a gnoll shaman

Illustrated notes

Levels and vault maps discovered:
D:1:      dpeg_arrival_fog, layout_rooms
D:2:      layout_basic, ebering_ecumenical_altar_rust, serial_shops,
          shop_statue, shop, shop, shop, nicolae_shop_statue_plus
D:3:      layout_rooms, amcnicky_altar_gilded, lemuel_round_altar,
          nicolae_sif_muna_condensation
D:4:      layout_loops_corners
D:5:      layout_loops_ring, lightli_sewer_entry_pipes, st_stairs_14

Skill      XL: |  1  2  3  4  5  6  7 |
---------------+----------------------+-----
Short Blades   | 1 2 3 4 |  4.7
Stealth        | 3 4 5 |  5.6
Fighting       | 1 2 3 |  3.3
Dodging        | 3 |  3.0
Spellcasting   | |  3.0
Conjurations   | |  1.0
Summonings     | |  1.0
Translocations | |  1.0

Action                   |  1- 3 |  4- 6 |  7- 9 || total
-------------------------+-------+-------+-------++-------
Melee: Dagger            |    93 |   188 |    30 ||   311
       Constrict         |    25 |    38 |     3 ||    66
       Tentacles         |    16 |    30 |     6 ||    52
 Cast: Magic Dart        |       |    12 |       ||    12
Evoke: Wand              |       |       |     1 ||     1
  Use: Scroll            |     2 |     2 |       ||     4
       Potion            |       |     5 |     1 ||     6
 Stab: Sleeping          |     8 |     9 |     2 ||    19
Armor: Skin              |     6 |    18 |     3 ||    27
Dodge: Dodged            |    68 |    83 |    13 ||   164
